 Dungeon Crawl Stone Soup version 0.21.0-3-g78d12a8 (webtiles) character file.

11 komo4ek the Caller (level 2, -3/20 HPs)
             Began as a Human Summoner on Jan 10, 2018.
             Slain by a kobold
             ... wielding a +0 whip
              (6 damage)
             ... on level 1 of the Dungeon.
             The game lasted 00:01:27 (551 turns).

komo4ek the Caller (Human Summoner)                  Turns: 551, Time: 00:01:27

Health: -3/20      AC:  2    Str:  8    XL:     2   Next: 40%
Magic:  2/5        EV: 12    Int: 15    God:
Gold:   47         SH:  0    Dex: 13    Spells: 4/5 levels left

rFire    . . .     SeeInvis .   g - +0 club
rCold    . . .     Gourm    .   (no shield)
rNeg     . . .     Faith    .   a - +0 robe
rPois    .         Spirit   .   (no helmet)
rElec    .         Reflect  .   (no cloak)
rCorr    .         Harm     .   (no gloves)
MR       .....                  (no boots)
Stlth    ++........             (no amulet)
HPRegen  0.06/turn              (no ring)
MPRegen  0.09/turn              (no ring)

@: no status effects
A: no striking features
a: no special abilities


You were on level 1 of the Dungeon.
You were not hungry.

You visited 1 branch of the dungeon, and saw 1 of its levels.

You collected 47 gold pieces.

Inventory:

Hand Weapons
 e - a +0 short sword
 g - a +0 club (weapon)
Armour
 a - a +0 robe (worn)
Potions
 d - a potion of berserk rage {unknown}
 f - a potion of curing {unknown}
 h - a potion of mutation {unknown}
Books
 b - a book of Callings

   Spells                             Type                      Level
   a - Summon Small Mammal            Summoning                    1
   b - Call Imp                       Summoning                    2
   c - Call Canine Familiar           Summoning                    3
   d - Summon Guardian Golem          Hexes/Summoning              3
   e - Summon Lightning Spire         Summoning/Air                4
   f - Summon Ice Beast               Ice/Summoning                4
Comestibles
 c - a ration


   Skills:
 + Level 0.8 Fighting
 + Level 2.2 Dodging
 - Level 2.0 Stealth
 + Level 2.1 Spellcasting
 + Level 4.1 Summonings


You had 4 spell levels left.
You knew the following spells:

 Your Spells              Type           Power        Failure   Level  Hunger
a - Summon Small Mammal   Summ           ##..         4%          1    #......


Dungeon Overview and Level Annotations

Branches:
Dungeon (1/15)

Altars:


Message History

Casting: Summon Small Mammal
Confirm with . or Enter, or press ? or * to list all spells.
Your bat closely misses the kobold.
The kobold barely misses you. The giant cockroach closely misses you.
The frilled lizard bites your bat.
Your bat closely misses the kobold. x2
Your bat completely misses the giant cockroach.
The giant cockroach barely misses your bat.
Your bat hits the giant cockroach.
The frilled lizard closely misses your bat.
Your bat closely misses the giant cockroach.
Your bat hits the giant cockroach.
Your bat hits the giant cockroach but does no damage.
Your bat hits the giant cockroach. The kobold hits you with a whip.
* * * LOW HITPOINT WARNING * * *
Casting: Summon Small Mammal
Confirm with . or Enter, or press ? or * to list all spells.
Your bat closely misses the giant cockroach.
Your bat hits the giant cockroach but does no damage.
The kobold hits you with a whip.
You die...

#.....# #.# #.....# #######
######.### #.....####.....###
###........#
#................###...###....##
#.....###..###.......### #..#..#
..........##.....##### ##...#.#
......#####..#.......# ##....#.##
............#..#.....# #.......##
#....#####....##@....###.........
##.......#.#####Ks...#.........##
....####...## #bb...#.##.......#
............####l....#.##...###.#
...#..............b....##...###..
#...........####.....###.....####
.....(......####....###...##...##
............#............###.#.##
............#....#.............##


You could see a giant cockroach, a kobold, a frilled lizard and 3 friendly bats.

Vanquished Creatures
  A dart slug (D:1)
  A hobgoblin (D:1)
  A kobold (D:1)
  A ball python (D:1)
  A frilled lizard (D:1)
  2 rats (D:1)
7 creatures vanquished.

Vanquished Creatures (collateral kills)
  2 hobgoblins (D:1)
  A bat (D:1)
  A frilled lizard (D:1)
  A kobold (D:1)
  A rat (D:1)
6 creatures vanquished.

Grand Total: 13 creatures vanquished

Notes
Turn   | Place    | Note
-------+----------+-------------------------------------------
     0 | D:1      | komo4ek the Human Summoner began the quest for the Orb.
     0 | D:1      | Reached XP level 1. HP: 13/13 MP: 3/3
   169 | D:1      | Reached XP level 2. HP: 15/20 MP: 5/5
   551 | D:1      | Slain by a kobold

Action                   || total
-------------------------++-------
Melee: Short sword       ||    30
       Unarmed           ||    11
       Club              ||     5
 Cast: Summon Small Mamm ||     8
 Stab: Sleeping          ||     1
Armor: Robe              ||     4
Dodge: Dodged            ||    39
